AoeStats
← For The Horde

Four Lakes

508404685Analyzed
1v1 RM · 8d ago on Sep 22, 2026· 39m 15s· 2 players
Game mode
Random Map
Map size
Tiny (2 player)
Population
200
Speed
Normal
Resources
Standard
Victory
Conquest
Starting age
Dark Age
Ending age
Imperial Age
RankedLock teamsTeams togetherTeam positionsShared explorationLock speedFull tech treeHidden civsTurbo modeCheats
Victory
Defeat
🇬🇷 Chinese · Greece
1653
+17
🇮🇳 Georgians · India
1678
-17
For The Horde
0:28 Loom
9:53 Feudal Age
10:24 Double-Bit Axe
13:52 Wheelbarrow
14:12 Fishing Lines
18:44 Town Watch
21:42 Castle Age
20:39 Gold Mining
21:35 Bloodlines
21:51 Scale Barding Armor
22:47 Bow Saw
23:25 Medium Warships
23:42 Husbandry
24:17 Forging
24:32 Gillnets
27:54 Hand Cart
28:19 Gold Shaft Mining
27:38 Stone Mining
27:45 Light Cavalry
29:02 Chain Barding Armor
29:19 Horse Collar
31:31 Iron Casting
36:46 Imperial Age
34:56 Heavy Plow
37:21 Cavalier
38:41 Plate Barding Armor
38:47 Conscription
40:02 Blast Furnace
anmolmaly
2:11 Loom
10:15 Feudal Age
10:54 Double-Bit Axe
19:45 Castle Age
20:39 Medium Warships
20:11 Fishing Lines
21:12 Bow Saw
31:01 Horse Collar
31:41 Heavy Plow
33:35 Fletching
36:04 Bloodlines
37:46 Wheelbarrow
37:19 Scale Barding Armor
40:55 Imperial Age
38:57 Forging
38:45 Gold Mining
Connection lost

Rejoining the realm…

Still unreachable

The connection could not be restored.

Session expired

The server has moved on; the page needs a fresh start.